 Dungeon Crawl Stone Soup version 0.28.0 (webtiles) character file.

Game seed: 13562572970663813683

2768 Illumine the Summoner (level 9, -5/71 HPs)
             Began as a Demigod Summoner on Feb 15, 2022.
             Shot with an arrow by a centaur (8 damage)
             ... on level 8 of the Dungeon.
             The game lasted 00:13:38 (8457 turns).

Illumine the Summoner (Demigod Summoner)            Turns: 8457, Time: 00:13:39

Health: -5/71      AC:  9    Str:  9    XL:     9   Next: 19%
Magic:  18/18      EV: 12    Int: 29    God:
Gold:   339        SH:  0    Dex: 14    Spells: 3/16 levels left

rFire   + + .      SeeInvis .   c - +2 mace (drain)
rCold   . . .      Faith    .   (no shield)
rNeg    . . .      Spirit   .   d - +2 leather armour {rPois}
rPois   +          Reflect  .   (no helmet)
rElec   .          Harm     .   u - +2 cloak
rCorr   .          Rampage  .   i - +0 pair of gloves
Will    .....                   (no boots)
Stlth   ++........              o - amulet of magic regeneration
HPRegen 0.21/turn               j - ring of protection from fire
MPRegen 0.56/turn               C - ring of protection from fire

@: about to teleport
A: high MP 1, forlorn, divine attributes
a: no special abilities


You were on level 8 of the Dungeon.
You visited 1 branch of the dungeon, and saw 8 of its levels.

You collected 339 gold pieces.

Inventory:

Hand Weapons
 c - a +2 mace of draining (weapon)
 m - a +0 falchion of holy wrath
Armour
 d - a +2 leather armour of poison resistance (worn)
 i - a +0 pair of gloves (worn)
 n - a scarf of harm
 r - the +5 ring mail of Fortification {rC+ Str+3 Dex-5}
   (You found it on level 4 of the Dungeon)

   Str:       It affects your strength (+3).
   Dex:       It affects your dexterity (-5).
   rC:        It protects you from cold.
 u - a +2 cloak (worn)
 v - the +8 chain mail of the Stonemason {Will+}
   (You found it on level 6 of the Dungeon)

   Will:      It increases your willpower.
 x - a +0 kite shield
Jewellery
 j - a ring of protection from fire (left hand)
 o - an amulet of magic regeneration (around neck)
 C - a ring of protection from fire (right hand)
Wands
 f - a wand of flame (69)
Scrolls
 b - a scroll of noise
 e - 5 scrolls of teleportation
 q - a scroll of fear {unknown}
 t - a scroll of fog {unknown}
 y - 2 scrolls of silence
 B - a scroll of enchant armour {unknown}
Potions
 a - a potion of mutation
 g - a potion of ambrosia
 h - a potion of might
 k - a potion of curing
 l - a potion of attraction
 p - 4 potions of lignification
 s - a potion of cancellation
 w - a potion of heal wounds {unknown}
 z - a potion of magic {unknown}
 A - a potion of berserk rage {unknown}


   Skills:
 + Level 3.9 Fighting
 - Level 4.1 Armour
 + Level 2.3 Dodging
 - Level 1.9 Stealth
 - Level 4.0 Spellcasting
 - Level 2.1 Hexes
 + Level 8.0 Summonings
 + Level 5.2 Air Magic


You had 3 spell levels left.
You knew the following spells:

 Your Spells              Type           Power      Damage    Failure   Level
a - Summon Small Mammal   Summ           100%       N/A       1%          1
b - Call Imp              Summ           51%        N/A       1%          2
c - Call Canine Familiar  Summ           51%        N/A       1%          3
d - Summon Guardian Gole  Hex/Summ       35%        N/A       3%          3
e - Summon Lightning Spi  Summ/Air       44%        N/A       6%          4

Your spell library contained the following spells:

 Spells                   Type           Power      Damage    Failure   Level
 Swiftness                Air            36%        N/A       3%          3
 Ensorcelled Hibernation  Hex/Ice        24%        N/A       10%         2
 Passwall                 Tmut/Erth      4%         N/A       14%         2
 Portal Projectile        Hex/Tloc       24%        N/A       19%         3
 Leda's Liquefaction      Hex/Erth       6%         N/A       52%         4


Dungeon Overview and Level Annotations

Branches:
Dungeon (8/15)             Temple (0/1) D:5
   Lair: D:8-11

Shops:
D:6 *[

Annotations:
D:4 2 transporters, brinewave's ghost, novice MiBe
D:5 exclusion: oklob plant
D:7 1 runed translucent door, Vixxxy's ghost, novice TeFE


Innate Abilities, Weirdness & Mutations

You have an increased reservoir of magic. (+10% MP)
You shall have no god before yourself.
Your divine heritage dramatically boosts your attributes as you level up.


Message History

The centaur barely misses you.
A wight comes into view. It is wielding a +0 great sword.
The centaur closely misses you. x2
The wight hits your guardian golem with a +4 halberd!
You hit the centaur.
The centaur is moderately wounded.
The centaur hits you but does no damage.
The centaur kicks you but does no damage.
Your guardian golem overheats!
The wight hits your guardian golem with a +4 halberd!
Flame seeps out of your guardian golem. The centaur closely misses you.
The centaur barely misses you.
The wight hits you from afar with a +2 vampiric spear.
* * * LOW HITPOINT WARNING * * *
As you read the scroll of teleportation, it crumbles to dust.
You feel strangely unstable.
Your guardian golem is engulfed in blazing flames.
Flame seeps out of your guardian golem. The centaur hits you.
* * * LOW HITPOINT WARNING * * *
The centaur kicks you but does no damage.
The wight hits your guardian golem with a +4 halberd!
Flame seeps out of your guardian golem.
The wight hits you with a +0 great sword!
* * * LOW HITPOINT WARNING * * *
You feel drained.
* * * LOW HITPOINT WARNING * * *
The wight hits your guardian golem with a +0 great sword!
Your guardian golem disappears in a puff of smoke!
Your guardian golem explodes!
The fiery explosion engulfs the wight!!
The wight is destroyed!
The fiery explosion engulfs the wight!!
The wight is destroyed!
The wight barely misses you.
You hear a shout! x2; You hear an angry buzzing noise.
Your life force feels restored.
Unknown command.
The centaur wields a +0 shortbow.
The centaur shoots an arrow.
The arrow hits you!
You die...

.# #....... .... .......
....##..... ........#.#
........#.## ..<........#
.......§§zz).## ..
......)°§...@.# ...
##.....§§§.c####### ....
#...........#<....### #....
#...........###...).####..... .
#............####.....#.....#
#..#.Y...(...[.....###.h.....)#
#..Y.<...............###.....##
......##.##..........##........#
......... #.........##.....#....


You could see a centaur and 2 wights.

Vanquished Creatures
  A water moccasin (D:7)
  An orc priest (D:5)
  An iguana (D:5)
  2 orc wizards
  3 gnolls (D:2)
  2 worms
  A dart slug (D:2)
  8 orcs
  3 ball pythons
  3 endoplasms
  2 giant cockroaches
  3 hobgoblins
  2 jackals (D:1)
  7 kobolds
  A quokka (D:3)
  2 bats
  A frilled lizard (D:3)
  3 rats
46 creatures vanquished.

Vanquished Creatures (collateral kills)
  A human (D:7)
  A steam dragon (D:8)
  A water moccasin (D:5)
  An orc warrior (D:7)
  A black bear (D:7)
  2 ice beasts
  A sky beast (D:5)
  A necrophage (D:6)
  4 ogres
  2 centaurs
  A phantom (D:6)
  A bullfrog (D:7)
  A kobold brigand (D:8)
  A scorpion (D:4)
  A water moccasin skeleton (D:5)
  A wight (D:8)
  A centaur zombie (D:5)
  A centaur skeleton (D:5)
  2 orc priests
  3 jellies
  3 orc wizards (D:7)
  4 adders
  A shadow imp (D:6)
  A dart slug (D:1)
  11 orcs
  4 endoplasms
  2 giant cockroaches
  2 goblins (D:1)
  A hobgoblin (D:3)
  A jackal (D:1)
  2 quokkas (D:3)
  3 ball pythons (D:1)
  3 bats
  A frilled lizard (D:2)
  3 kobolds
  2 rats (D:1)
72 creatures vanquished.

Vanquished Creatures (others)
  A human (D:7)
  An ogre (D:6)
  2 wights (D:8)
  An iguana (D:6)
  A white imp (D:7)
  16 plants (D:4)
22 creatures vanquished.

Grand Total: 140 creatures vanquished

Notes
Turn   | Place    | Note
-------+----------+-------------------------------------------
     0 | D:1      | Illumine the Demigod Summoner began the quest for the Orb.
     0 | D:1      | Reached XP level 1. HP: 14/14 MP: 5/5
   598 | D:1      | Reached XP level 2. HP: 20/20 MP: 5/7
   604 | D:1      | Learned a level 2 spell: Call Imp
   873 | D:1      | Reached skill level 4 in Summonings
  1341 | D:2      | Reached XP level 3. HP: 26/26 MP: 5/9
  1593 | D:2      | HP: 1/26 [gnoll (1)]
  1599 | D:2      | Learned a level 3 spell: Call Canine Familiar
  2045 | D:2      | Reached XP level 4. HP: 33/33 MP: 11/11
  2934 | D:4      | Found a transporter.
  2950 | D:4      | Noticed brinewave's ghost (novice MiBe)
  3019 | D:4      | Found a transporter.
  3031 | D:4      | Noticed an ogre
  3199 | D:3      | Reached XP level 5. HP: 36/38 MP: 9/13
  3237 | D:4      | Reached skill level 5 in Summonings
  3753 | D:4      | Identified the +5 ring mail of Fortification {rC+ Str+3
                  | Dex-5}
  4143 | D:4      | Killed an ogre
  4144 | D:4      | Reached skill level 1 in Armour
  4144 | D:4      | Reached XP level 6. HP: 45/45 MP: 7/15
  4148 | D:4      | Learned a level 3 spell: Summon Guardian Golem
  4377 | D:5      | Entered Level 5 of the Dungeon
  4687 | D:5      | Reached skill level 1 in Hexes
  4958 | D:5      | Reached XP level 7. HP: 49/50 MP: 7/16
  4963 | D:5      | Learned a level 4 spell: Summon Lightning Spire
  5107 | D:5      | Reached skill level 6 in Summonings
  5142 | D:5      | Noticed an oklob plant
  5232 | D:5      | Reached skill level 1 in Air Magic
  5896 | D:5      | Found a staircase to the Ecumenical Temple.
  6130 | D:6      | Found Nejetih's Gadget Gallery.
  6154 | D:6      | Identified the +8 chain mail of the Stonemason {Will+}
  6369 | D:6      | Reached XP level 8. HP: 47/57 MP: 15/17
  6715 | D:6      | Found Pame's Armour Emporium.
  6788 | D:7      | Reached skill level 1 in Fighting
  6788 | D:7      | Reached skill level 7 in Summonings
  7624 | D:7      | Found a runed translucent door.
  7624 | D:7      | Noticed Vixxxy's ghost (novice TeFE)
  8073 | D:7      | Noticed a spectral centipede
  8073 | D:7      | Noticed a spectral black mamba
  8235 | D:8      | Reached XP level 9. HP: 49/70 MP: 11/18
  8239 | D:8      | Reached skill level 5 in Air Magic
  8453 | D:8      | Reached skill level 8 in Summonings
  8456 | D:8      | HP: 3/69 [wight (3)]
  8457 | D:8      | Shot with an arrow by a centaur

Illustrated notes

Levels and vault maps discovered:
D:1:      matt_arrival_spirals, layout_basic,
          hellmonk_ecumenical_altar_lost_god, minmay_misc_feat_enclosed,
          minmay_surrounded
D:2:      layout_rooms, basic_altar
D:3:      layout_basic
D:4:      layout_basic, grunt_gozag_breadcrumbs, gammafunk_ghost_stat_death,
          serial_bayou_lagoon_a
D:5:      layout_loops_ring, tgw_fedhas, zin_scriptorium,
          lemuel_temple_firewalk_b, minmay_statues_item
D:6:      layout_loops_ring, bloody_makhleb, mainiacjoe_overflow_divided_tiny,
          serial_shops, kennysheep_little_box, chequers_arboretum,
          minmay_misc_feat_alley, nicolae_shop_gadgets
D:7:      layout_cave_pools, okawaru_humans, mainiacjoe_overflow_alcove_2,
          pdpol_wu_jian_five_deadly_venoms, gammafunk_ghost_grave,
          grunt_decor_junction, roderic_lattice_a
D:8:      layout_rooms, minmay_crossroads

Skill      XL: |  1  2  3  4  5  6  7  8  9 |
---------------+----------------------------+-----
Spellcasting   | 2 3 4 |  4.0
Summonings     | 4 5 6 7 8 |  8.0
Armour         | 1 2 3 4 |  4.1
Hexes          | 2 |  2.1
Air Magic      | 2 4 5 |  5.2
Fighting       | 3 |  3.9
Dodging        | 2 |  2.3
Stealth        | |  1.9

Action                   |  1- 3 |  4- 6 |  7- 9 || total
-------------------------+-------+-------+-------++-------
Melee: Mace              |    46 |    56 |    48 ||   150
       Punch             |       |     2 |     1 ||     3
 Cast: Summon Small Mamm |    12 |       |       ||    12
       Call Imp          |     9 |     3 |     2 ||    14
       Call Canine Famil |     2 |    19 |    14 ||    35
       Summon Guardian G |       |     5 |    15 ||    20
       Summon Lightning  |       |       |     9 ||     9
  Use: Scroll            |       |       |    10 ||    10
       Potion            |       |       |     1 ||     1
 Stab: Sleeping          |     3 |     1 |     1 ||     5
       Distracted        |       |     1 |       ||     1
Armor: Robe              |    19 |    23 |    10 ||    52
       Leather armour    |       |       |    29 ||    29
Dodge: Dodged            |    47 |    29 |    52 ||   128
